 Dungeon Sprint DCSS version 0.21.1-1-g345015f (webtiles) character file.

0 Fang the Skirmisher (level 3, -6/37 HPs)
             Began as a Minotaur Berserker on June 23, 2018.
             Was a Believer of Trog.
             Killed from afar by Sigmund (12 damage)
             ... with a puff of flame
             ... in the Dungeon (Sprint VI: "Thunderdome").
             The game lasted 00:00:59 (134 turns).

Fang the Skirmisher (Minotaur Berserker)             Turns: 134, Time: 00:00:59

Health: -6/37      AC:  2    Str: 22    XL:     3   Next: 0%
Magic:  2/2        EV: 12    Int:  4    God:    Trog [**....]
Gold:   200        SH:  0    Dex:  9    Spells: 2/2 levels left

rFire    . . .     SeeInvis .   a - +0 hand axe
rCold    . . .     Gourm    .   (no shield)
rNeg     . . .     Faith    .   b - +0 animal skin
rPois    .         Spirit   .   (helmet restricted)
rElec    .         Reflect  .   (no cloak)
rCorr    .         Harm     .   (no gloves)
MR       ++...     NoTele   +   (no boots)
Stlth    +.........             (no amulet)
HPRegen  1.12/turn              (no ring)
MPRegen  0.08/turn              (no ring)

@: berserk cooldown, regenerating
A: retaliatory headbutt, horns 2
a: Berserk, Trog's Hand, Burn Spellbooks, Renounce Religion


You were in the Dungeon.
You worshipped Trog.
Trog was pleased with you.
You were not hungry.

You visited 1 branch You collected 200 gold pieces.

Inventory:

Hand Weapons
 a - a +0 hand axe (weapon)
Armour
 b - a +0 animal skin (worn)
Wands
 k - a wand of acid (5)
 l - a wand of iceblast (5)
Scrolls
 i - 4 scrolls of blinking
 m - 3 scrolls of fog
Potions
 d - a potion of curing
 e - 3 potions of heal wounds
 f - 4 potions of haste
 g - 2 potions of magic
 h - a potion of berserk rage
 j - a potion of resistance
Comestibles
 c - a ration


   Skills:
 + Level 5.8 Fighting
 + Level 5.7 Axes
 + Level 3.3 Armour
 + Level 3.0 Dodging


You had 2 spell levels left.
You didn't know any spells.

Dungeon Overview and Level Annotations

Branches:
Dungeon (1/1)

Altars:
Cheibriados
Dithmenos
Fedhas
Gozag
Kikubaaqudgha
Makhleb
Okawaru
Qazlal
Ru
Sif Muna
Trog
Uskayaw
Vehumet
Wu Jian
Xom
Yredelemnul
Zin
The Shining One
Beogh
Jiyva
Lugonu

Shops:
D *[%??*?*:[((!!!!

Annotations:
D Sigmund


Innate Abilities, Weirdness & Mutations

You reflexively headbutt those who attack you in melee.
You have a pair of horns on your head.


Message History

A magic dart appears from out of thin air!
The magic dart hits you!
There is a bloodstained altar of Trog, spattered with blood here.
You hear some strange, mumbled words.
A puff of flame appears from out of thin air!
The puff of flame hits you!
There is a sacrificial altar of Ru here.
Your skin crawls.
You feel resistant to hostile enchantments.
You feel somewhat more hungry. Something hits you.
* * * LOW HITPOINT WARNING * * *
You hit something. Your headbutt misses something.
You hit something but do no damage. Your headbutt misses something.
Something hits you.
* * * LOW HITPOINT WARNING * * *
You hit something.
You hear some strange, mumbled words.
A puff of flame appears from out of thin air!
The puff of flame hits you!
You die...

##### ##⌠⌠⌠## #.....#
##.....## ##∩.....∩##
#∩.......∩# #........_#
#_......._# #_.......@#
###........{###
#⌠...........⌠#
######.8.........8)######
#∩_._......###......___∩##
∩........8.# #.8........∩###
...........###.............##
........###...###..........⌠#
........# #.<.# #..........⌠#


There were no monsters in sight!

Vanquished Creatures
  Jessica (D)
  A bat skeleton (D)
  2 rats (D)
4 creatures vanquished.

Notes
Turn   | Place    | Note
-------+----------+-------------------------------------------
     0 | D        | Fang the Minotaur Berserker began the quest for the Orb.
     0 | D        | Reached XP level 1. HP: 19/19 MP: 0/0
     3 | D        | Found a roughly hewn altar of Beogh.
     3 | D        | Found a sacrificial altar of Ru.
     4 | D        | Found a burning altar of Makhleb.
     4 | D        | Found a bloodstained altar of Trog.
     5 | D        | Found a deep blue altar of Sif Muna.
     5 | D        | Round 1.
     6 | D        | Found a shimmering altar of Xom.
     6 | D        | Found a radiant altar of Vehumet.
     6 | D        | Found Irghuaq's Staff Store.
     6 | D        | Found Pozuaw's Magic Scroll Shop.
     7 | D        | Found a corrupted altar of Lugonu.
     7 | D        | Found Oniyxir's Must-Have Magic.
     7 | D        | Found Nuczoy Alogu's Magic Scroll Shop.
    23 | D        | Found a shadowy altar of Dithmenos.
    27 | D        | Found a glowing golden altar of the Shining One.
    27 | D        | Found Quzehaar's Delicious Food.
    27 | D        | Found Ittesaoq's Jewellery.
    28 | D        | Found Cojais's Advanced Armour.
    33 | D        | Found Ubigamyu's Identification Station.
    33 | D        | Found an ornate altar of the Wu Jian Council.
    33 | D        | Found a blossoming altar of Fedhas.
    44 | D        | Found a hide-covered altar of Uskayaw.
    45 | D        | Found a basalt altar of Yredelemnul.
    46 | D        | Found an ancient bone altar of Kikubaaqudgha.
    46 | D        | Found Tuudas's Premium Goods.
    48 | D        | Found Duthrem's Miscellaneous Merchandise.
    48 | D        | Found Vuzxumaf's Basic Armour.
    55 | D        | Found Miro Xieh's Weapon Rack.
    55 | D        | Found a glowing silver altar of Zin.
    55 | D        | Found an iron altar of Okawaru.
    55 | D        | Found a viscous altar of Jiyva.
    66 | D        | Found a stormy altar of Qazlal.
    68 | D        | Found an opulent altar of Gozag.
    68 | D        | Found a snail-covered altar of Cheibriados.
    68 | D        | Found Liad's Do-It-Yourself Clinic.
    68 | D        | Found Pon Lek's Bottled Wisdom.
    69 | D        | Found Xecs's Distillery.
    74 | D        | Found Zuumit's Distillery.
    93 | D        | Noticed Jessica
   103 | D        | Killed Jessica
   103 | D        | Reached ** piety under Trog
   103 | D        | Reached skill level 5 in Fighting
   103 | D        | Reached skill level 5 in Axes
   103 | D        | Reached XP level 2. HP: 30/30 MP: 1/1
   116 | D        | Noticed Sigmund
   127 | D        | Reached XP level 3. HP: 8/37 MP: 2/2
   134 | D        | Killed from afar by Sigmund

Skill      XL: |  1 |
---------------+----+-----
Fighting       | 5 |  5.8
Axes           | 5 |  5.7
Armour         | 3 |  3.3
Dodging        | 3 |  3.0

Action                   || total
-------------------------++-------
Melee: Hand axe          ||     8
       Headbutt          ||     2
Invok: Berserk           ||     1
       Trog's Hand       ||     1
  Use: Potion            ||     1
Dodge: Dodged            ||     4
